 Dungeon Crawl Stone Soup version 0.30-a0-883-g5ad918d77d (webtiles) character file.

Game seed: 17089078981749354033

7 jasper the Shield-Bearer (level 2, -3/26 HPs)
             Began as a Meteoran Fighter on Mar 16, 2023.
             Killed from afar by Sigmund (10 damage)
             ... with a puff of flame
             ... on level 2 of the Dungeon.
             The game lasted 00:01:35 (289 turns).

jasper the Shield-Bearer (Meteoran Fighter)          Turns: 289, Time: 00:01:36

Health: -3/26      AC:  7    Str: 17    XL:     2   Next: 17%
Magic:  3/3        EV:  9    Int:  9    God:
Gold:   6          SH:  5    Dex: 13    Spells: 1/1 levels left

rFire   . . .      SeeInvis .    a - +0 war axe
rCold   . . .      Faith    .    c - +0 buckler
rNeg    . . .      Spirit   .    b - +0 scale mail
rPois   .          Reflect  .    (no helmet)
rElec   .          Rampage  .    (no cloak)
rCorr   .                        (no gloves)
Will    .....                    (no boots) Stlth
                                 (no amulet)
HPRegen 0.24/turn                (no ring)
MPRegen 0.08/turn                (no ring)

@: mighty, glowing
A: sense surroundings 1, otherworldly, glowing, explore regen
a: no special abilities


You were on level 2 of the Dungeon.
You visited 1 branch of the dungeon, and saw 2 of its levels.

You collected 6 gold pieces.

Inventory:

Hand Weapons
 a - a +0 war axe (weapon)
Missiles
 e - a throwing net (quivered)
Armour
 b - a +0 scale mail (worn)
 c - a +0 buckler (worn)


   Skills:
 + Level 3.3 Fighting
 * Level 2.7 Axes
 + Level 3.7 Armour
 + Level 0.4 Dodging
 + Level 3.7 Shields


You had one spell level left.
You didn't know any spells.
Your spell library was empty.

Dungeon Overview and Level Annotations

Branches:
Dungeon (2/15) Zot: 902

Altars:

Annotations:
D:2 Sigmund


Innate Abilities, Weirdness & Mutations

You passively map a small area around you.
You are easily found by Zot.
You glow in the dark.
You regain HP and MP as you explore.


Message History

Found a club.
Found a stone staircase leading up.
There is a stone staircase leading up here.
Sigmund the Dreaded comes into view.
He is wielding a +0 scythe.
Sigmund shouts!
Sigmund casts a spell at you.
You are confused.
The bat hits you but does no damage.
You bump into the rock wall.
You feel less confused. The bat hits you but does no damage. x2
You hit the bat but do no damage. The bat hits you but does no damage.
You block the bat's attack.
You feel very mighty all of a sudden. The bat barely misses you.
Sigmund gestures wildly while chanting.
Sigmund flickers and vanishes!
Deactivating autopickup; reactivate with Ctrl-A.
You slash something! You block the bat's attack.
You hear some strange, mumbled words.
A magic dart appears from out of thin air!
The magic dart hits you. Something hits you but does no damage.
You take 6 damage, and have 20/26 hp.
MASSIVE DAMAGE!!
You miss something. You closely miss the bat. The bat barely misses you.
Something hits you!
You take 7 damage, and have 13/26 hp.
MASSIVE DAMAGE!!
You slash something! You miss the bat. The bat hits you but does no damage.
Something hits you but does no damage.
You hit something. You barely miss the bat.
The bat hits you but does no damage. The bat closely misses you.
The bat hits you but does no damage.
You barely miss something. You slash the bat!
You kill the bat!
Something hits you!
* * * LOW HITPOINT WARNING * * *
You take 8 damage, and have 6/26 hp.
MASSIVE DAMAGE!!
You closely miss something.
You hear some strange, mumbled words.
A puff of flame appears from out of thin air!
The puff of flame hits you!
You die...

#### ##### ##...##...##
#..........##
@...........#
............#
............#
##########..........#*
........# , #{...#
........# * #@##.#####
........########†##......
, ....)................#
........########....## *
........## ##...#
.........########.#.# ,
########<...#.....#..#
#########....#####..#
##................ ..#


There were no monsters in sight!

Vanquished Creatures
  A bat (D:2)
  An endoplasm (D:1)
  A goblin (D:1)
  A ball python (D:2)
  2 kobolds (D:1)
6 creatures vanquished.

Notes
Turn   | Place    | Note
-------+----------+-------------------------------------------
     0 | D:1      | jasper the Meteoran Fighter began the quest for the Orb.
     0 | D:1      | Reached XP level 1. HP: 19/19 MP: 2/2
   108 | D:1      | Reached XP level 2. HP: 25/26 MP: 3/3
   275 | D:2      | Noticed Sigmund
   289 | D:2      | Killed from afar by Sigmund

Illustrated notes

Levels and vault maps discovered:
D:1:      ebering_hopf_link, layout_rooms
D:2:      layout_rooms, uniq_sigmund

Action                     || total
---------------------------++-------
  Melee: War axe           ||    19
    Use: Scroll            ||     1
         Potion            ||     1
 Armour: Scale mail        ||    14
  Dodge: Dodged            ||     7
  Block: Buckler           ||     4

Table legend: (Time is in decaauts)
 A = Elapsed time spent in this place.
 B = Non-inter-level travel time spent in this place.
 C = Inter-level travel time spent in this place.
 D = Time resting spent in this place.
 E = Time spent auto-exploring this place.
 F = Levels seen in this place.
 G = Mean time per level.
                   A        B        C        D        E       F      G
               +--------+--------+--------+--------+--------+-----+--------+
         Total |    296 |    289 |      7 |    100 |    126 |   2 |  148.0 |
       Dungeon |    296 |    289 |      7 |    100 |    126 |   2 |  148.0 |
               +--------+--------+--------+--------+--------+-----+--------+

Top non-repeatable levels by time:
     D:2: 173 daAuts
     D:1: 122 daAuts
